[Event "*** Titled Tuesday Blitz"]
[Site "Chess.com"]
[Date "2020.02.04"]
[Round "4"]
[White "GHANDEEVAM2003"]
[Black "Kimster98"]
[Result "1-0"]
[WhiteElo "2951"]
[BlackElo "2700"]
[TimeControl "180+2"]
[EndTime "9:51:49 PST"]
[Termination "GHANDEEVAM2003 won by resignation"]

1. Nf3 d5 2. c4 e6 3. b3 Nf6 4.
Bb2 Be7 5. g3 O-O 6. Bg2 c5 7.
O-O Nc6 8. e3 b6 9. Nc3 Bb7 10.
cxd5 Nxd5 11. Nxd5 Qxd5 12. Ne5 Qd6 13. d4 cxd4 14.
Nxc6 Bxc6 15. Bxc6 Qxc6 16. Rc1 Qe4 17. Bxd4 e5 18.
Bb2 Rfd8 19. Qe2 Bf6 20. Rc4 Qd3 21. Qxd3 Rxd3 22. Rfc1 g6 23. R1c2 Rad8 24. Bc3 Kg7 25. Kg2 h5 26. h4 R8d7 27. a4 Rb7 28. b4 b5 29. axb5 Rxb5 30. Ra2 Rb7 31. Ra6 Rd5 32. f4 Rdb5 33. Rcc6 R5b6 34. Rcxb6 Rxb6 35. Rxb6 axb6 36. Bxe5 Bxe5 37. fxe5 Kf8 38. Kf3 Ke7 39. Kf4 Kd7 40. Ke4 Kc6 41. Kd4 Kb5 42. Kc3 Ka4 43. Kc4 Ka3 44.
Kb5 Kb3 45. e4 Kc3 46. e6 fxe6 47. e5 Kb3 48. Kxb6 Kxb4 49. Kc6 Kc4 50. Kd6 Kd4 51.
Kxe6 Ke4 52. Kf6 1-0

[Event "*** Titled Tuesday Blitz"]
[Site "Chess.com"]
[Date "2020.02.04"]
[Round "4"]
[White "norwaytoadog"]
[Black "tan275"]
[Result "1-0"]
[WhiteElo "2313"]
[BlackElo "2138"]
[TimeControl "180+2"]
[EndTime "9:51:51 PST"]
[Termination "norwaytoadog won on time"]

1. e4 c6 2. d4 d5 3. e5 Bf5 4.
Nf3 e6 5. Be2 Nd7 6. O-O Ne7 7.
Nbd2 Bg6 8. Nb3 Nf5 9. a4 Be7 10.
g4 Nh6 11. h3 Ng8 12. Be3 h5 13. a5 hxg4 14. hxg4 Nh6 15. Ne1 c5 16. c4 cxd4 17.
Bxd4 dxc4 18. Bxc4 O-O 19. f4 Bb4 20. Ng2 Be4 21. Qe2 Bxg2 22. Kxg2 Qh4 23. Bb5 Rfd8 24. Rh1 Qxg4+ 25. Qxg4 Nxg4 26. Kf3 Nh6 27. Rag1 Nf5 28. Bd3 Nxd4+ 29. Nxd4 Nxe5+ 30. fxe5 Rxd4 31. Bh7+ Kf8 32. Be4 Kg8 33. a6 Rb8 34. axb7 g6 35. Rc1 Kg7 36. Rc8 Rd8 37. Rhc1 Be7 38. R1c7 1-0

[Event "*** Titled Tuesday Blitz"]
[Site "Chess.com"]
[Date "2020.02.04"]
[Round "4"]
[White "Tash_Boy"]
[Black "bhavesh1810"]
[Result "0-1"]
[WhiteElo "2661"]
[BlackElo "2131"]
[TimeControl "180+2"]
[EndTime "9:51:55 PST"]
[Termination "bhavesh1810 won by resignation"]

1. e4 e5 2. Nf3 Nc6 3. Bb5 a6 4. Ba4 Nf6 5. O-O b5 6. Bb3 Bc5 7. d3 O-O 8. a4 Rb8 9. Nc3 d6 10. axb5 axb5 11. h3 h6 12. Ne2 Be6 13. c3 d5 14.
exd5 Bxd5 15. Bxd5 Qxd5 16. Ng3 Rbd8 17. Ne1 b4 18. Qe2 bxc3 19. bxc3 Rfe8 20. Ra4 Qb3 21. Rc4 Qb6 22. Qf3 Na5 23. Rh4 Nh7 24. Nf5 Qf6 25. Ra4 Nb3 26. Be3 Bxe3 27. Nxe3 Nd2 28. Qg3 Nxf1 29.
Nxf1 Ng5 30. h4 Ne6 31. Rg4 h5 32. Re4 Nf4 33. Nd2 Qg6 34. Qf3 Qg4 35. Qe3 Qxh4 36. g3 Qg5 37. Kh2 Ne6 38. Rxe5 Qxe3 39. fxe3 g6 40. e4 Kg7 41. d4 f6 42. Rb5 Re7 43.
Nd3 Ng5 44. Nc5 Ne6 45. Nd3 Nxd4 46. cxd4 Rxd4 47. e5 Rxd3 48. exf6+ Kxf6 49. Nc4 h4 50. Rb2 Rxg3 51. Rf2+ Kg7 52. Re2 Rxe2+ 0-1

[Event "*** Titled Tuesday Blitz"]
[Site "Chess.com"]
[Date "2020.02.04"]
[Round "4"]
[White "malandragem"]
[Black "Elshan1985"]
[Result "1-0"]
[WhiteElo "2286"]
[BlackElo "2677"]
[TimeControl "180+2"]
[EndTime "9:51:56 PST"]
[Termination "malandragem won by resignation"]

1. e4 d5 2. exd5 Qxd5 3. d4 e5 4. Nc3 Qxd4 5. Qxd4 exd4 6. Nb5 Na6 7. Nxd4 Nc5 8. Ngf3 Nf6 9. Bc4 Be7 10. O-O O-O 11. Re1 Bd8 12. Bf4 Bg4 13. Ne5 Bh5 14. h3 Nfd7 15. g4 Bg6 16. Nxg6 hxg6 17. Rad1 Nb6 18.
Bf1 a6 19. Bg2 Rb8 20. Re5 Nca4 21. b3 Nc3 22. Rd3 Nxa2 23. c3 g5 24. Bg3 Bf6 25. Ra5 Nxc3 26. Rxc3 Bxd4 27. Rxc7 Rfe8 28. Rxg5 a5 29.
Rxa5 Re1+ 30. Kh2 Rd8 31. Rxb7 Nd7 32. b4 Ne5 33. b5 Nd3 34. Ra2 Rb1 35. Be4 Rb3 36.
Bxd3 Rxd3 37. Kg2 Rb3 38. Rd2 f6 39. Bc7 Rd7 40. b6 Kf7 41. Ra7 Ke6 42. f4 Bxb6 43. f5+ Ke7 44. Rxd7+ 1-0

[Event "*** Titled Tuesday Blitz"]
[Site "Chess.com"]
[Date "2020.02.04"]
[Round "4"]
[White "KhazarBabazada"]
[Black "GMHess"]
[Result "0-1"]
[WhiteElo "2932"]
[BlackElo "2774"]
[TimeControl "180+2"]
[EndTime "9:51:59 PST"]
[Termination "GMHess won by resignation"]

1. e4 d6 2. d4 Nf6 3. Nc3 c6 4. Nf3 Bg4 5. Be2 Nbd7 6. O-O e5 7. h3 Bh5 8. Be3 Be7 9. Qd2 O-O 10. Rad1 Qc7 11. Nh2 Bg6 12. f3 Rfd8 13. Qe1 Nh5 14.
g3 exd4 15. Bxd4 d5 16. f4 dxe4 17. Qf2 f5 18. g4 Nhf6 19. g5 Ne8 20. h4 Nf8 21. h5 Bf7 22. h6 Ne6 23. Be3 b5 24.
hxg7 N8xg7 25. Kg2 b4 26. Nb1 c5 27. Rh1 Qc6 28. Nd2 Nd4 29. Bc4 Nge6 30. Nhf1 Nxc2 31.
Qh4 Bg6 32. Qf2 Nd4 33. Rh6 Bf8 34. Rh4 Bg7 35. Ng3 Rd6 36. Rdh1 Rad8 37. Nh5 Nf3 38. Nxg7 Nxh4+ 39. Qxh4 Rxd2+ 40. Bxd2 Rxd2+ 41. Kf1 Kxg7 42. Qh6+ Kg8 0-1

[Event "*** Titled Tuesday Blitz"]
[Site "Chess.com"]
[Date "2020.02.04"]
[Round "4"]
[White "Hydrargyrum_Girl"]
[Black "Manukyan_Artak"]
[Result "1/2-1/2"]
[WhiteElo "2178"]
[BlackElo "2330"]
[TimeControl "180+2"]
[EndTime "9:52:00 PST"]
[Termination "Game drawn - insufficient material"]

1. d4 Nf6 2. Nc3 d5 3. Bg5 e6 4. e4 dxe4 5. Nxe4 Be7 6. Bxf6 gxf6 7. Nf3 f5 8. Nc3 h5 9. Ne5 Nd7 10. Nc4 b6 11. Be2 Bb7 12. Bf3 c6 13. O-O Qc7 14. Re1 O-O-O 15. a4 Nf6 16. Ne5 Bd6 17. Qe2 Ng4 18. h3 Nxe5 19. dxe5 Bb4 20. Red1 h4 21. Na2 Be7 22. b4 Rxd1+ 23. Rxd1 Rd8 24. c4 Rxd1+ 25. Qxd1 Qd8 26. Qxd8+ Kxd8 27. b5 Kc7 28. Nc3 Bb4 29. Ne2 Bd2 30. Bh5 cxb5 31. cxb5 Bd5 32. Bxf7 Kd7 33. Nd4 Bc3 34. Nc6 a5 35. g3 hxg3 36. fxg3 Bb3 37. h4 Bd2 38. Kf2 Bxa4 39. Nd4 f4 40.
Bxe6+ Ke7 41. gxf4 Bxf4 42. Bc4 Bxe5 43. Nc6+ Kf6 44. Nxe5 Kxe5 45. h5 Kf6 46. Bd3 Kg5 47. Be2 Bc2 48. Ke3 Bb3 49. Kd4 Bf7 50. Ke5 a4 51. Bd3 a3 52. Bb1 Bxh5 53. Ba2 Be2 54. Kd6 Bxb5 55. Kc7 Kf4 56. Kxb6 Bc4 57. Bxc4 Ke3 58.
Ka5 Kd4 59. Ka4 Kc3 60. Kxa3 1/2-1/2

[Event "*** Titled Tuesday Blitz"]
[Site "Chess.com"]
[Date "2020.02.04"]
[Round "4"]
[White "ChessLover0108"]
[Black "mortngabriel"]
[Result "1-0"]
[WhiteElo "2736"]
[BlackElo "2404"]
[TimeControl "180+2"]
[EndTime "9:52:04 PST"]
[Termination "ChessLover0108 won by resignation"]

1. d4 Nf6 2. c4 e6 3. Nf3 b6 4.
g3 Ba6 5. b3 Bb4+ 6. Bd2 Be7 7.
Bg2 d5 8. cxd5 exd5 9. Nc3 O-O 10. O-O c5 11. Rc1 Nc6 12. Bg5 Ne4 13. Bxe7 Nxe7 14. dxc5 bxc5 15. Nxe4 dxe4 16. Ng5 Nf5 17. Nxe4 Nd4 18.
Nc3 Rc8 19. Re1 Re8 20. e3 Ne6 21. Nd5 Bb7 22. Re2 Bxd5 23. Bxd5 Nc7 24. Rd2 Nxd5 25. Rxd5 Qe7 26. Qc2 h6 27. Rxc5 Rxc5 28. Qxc5 Qd7 29. Qc6 Qe7 30. Rd1 Rf8 31. Qa4 Rc8 32. Qd7 Qc5 33.
h4 Rc7 34. Qe8+ Kh7 35. Rd8 Qc1+ 36. Kg2 Qc2 37. h5 Qc6+ 38. Qxc6 Rxc6 39. Rd7 Ra6 40. Rxf7 Rxa2 41. Rb7 Rb2 42. Rxa7 Rxb3 43. g4 Kg8 44. Kg3 Rb4 45. Ra8+ Kf7 46. Ra5 Kf6 47.
f4 Re4 48. Kf3 Rb4 49. Ra6+ Kf7 50. f5 Ke7 51. e4 Rb1 52. e5 Rb3+ 53. Ke4 Rb4+ 54. Kd5 Rxg4 55. Ra7+ Kf8 56. Ke6 Kg8 57. Ra8+ Kh7 58. Ra7 Kg8 59. Ke7 Rf4 60. Ra8+ Kh7 61. e6 Rxf5 62. Kd6 Rf6 63. Ke5 Rf1 64. e7 Re1+ 65.
Kd6 Rd1+ 66. Kc5 Rc1+ 67. Kb4 Rd1 68. Kc3 Re1 69. e8=Q Rxe8 70. Rxe8 g6 71. Re7+ Kg8 72. hxg6 1-0

[Event "*** Titled Tuesday Blitz"]
[Site "Chess.com"]
[Date "2020.02.04"]
[Round "4"]
[White "StockholmMissile"]
[Black "BabyBoss31"]
[Result "1-0"]
[WhiteElo "2453"]
[BlackElo "2198"]
[TimeControl "180+2"]
[EndTime "9:52:04 PST"]
[Termination "StockholmMissile won by resignation"]

1. d4 d5 2. c4 Nc6 3. cxd5 Qxd5 4. e3 e5 5. Nc3 Bb4 6. a3 Bxc3+ 7. bxc3 Qd6 8. a4 Nge7 9. Bd3 O-O 10. Ne2 Bg4 11.
O-O b6 12. f3 Bh5 13. Ng3 Bg6 14. Ba3 Qd7 15. Kh1 Rfe8 16. Qc2 Nd5 17. Rfe1 exd4 18.
exd4 Nf4 19. Bxg6 hxg6 20. Re4 Nd5 21. Rae1 Nf6 22. R4e2 Rxe2 23. Rxe2 Re8 24. h3 Rxe2 25. Qxe2 Qd5 26. Qb5 Na5 27. Be7 Qxb5 28. axb5 Nd5 29. Bb4 Nxb4 30. cxb4 Nc4 31. Ne2 Ne3 32. Nc3 Kf8 33. Kg1 Ke7 34. Kf2 Nc2 35. d5 Nxb4 36.
Ke3 Kd6 37. Kd4 Nc2+ 38. Ke4 f6 39. h4 Kc5 40. g4 Kc4 41. Ne2 Kxb5 42. Nf4 Kc5 43.
Ne6+ Kd6 44. Nxg7 Nb4 45. h5 gxh5 46. Nf5+ Kd7 47. gxh5 Ke8 48. h6 Kf8 49. h7 1-0

[Event "*** Titled Tuesday Blitz"]
[Site "Chess.com"]
[Date "2020.02.04"]
[Round "4"]
[White "Carnivoras"]
[Black "GMHellers"]
[Result "1/2-1/2"]
[WhiteElo "2541"]
[BlackElo "2410"]
[TimeControl "180+2"]
[EndTime "9:52:05 PST"]
[Termination "Game drawn by agreement"]

1. d4 d5 2. Nf3 c5 3. dxc5 e6 4. e4 Bxc5 5. exd5 exd5 6. Bb5+ Nc6 7. O-O Ne7 8. Nbd2 O-O 9. Nb3 Bd6 10. Bg5 h6 11.
Bh4 Qb6 12. a4 a6 13. Bd3 Nf5 14. Bxf5 Bxf5 15. Qxd5 Bxc2 16. Qxd6 Qxb3 17. Nd4 Nxd4 18. Qxd4 Rac8 19. Rfc1 Rc4 20. Qd2 Rfc8 21. Be7 Qxb2 22. Ba3 Qf6 23. a5 Be4 24. f3 Rxc1+ 25. Rxc1 Rxc1+ 26. Bxc1 Bc6 27. Bb2 Qf5 28. Bd4 f6 29. h3 g5 30. Qc3 Kf7 31. Qc5 Qe6 32. Kh2 h5 33. Bf2 Kg6 34. Qe3 Qd6+ 35. Kg1 Qd5 36. Qc5 Qd1+ 37.
Kh2 g4 38. Qf8 gxf3 39. Qg8+ Kf5 40. Qh7+ Ke6 41. Qxh5 Qd5 42. Qg4+ Qf5 43. Qxf5+ Kxf5 44. gxf3 1/2-1/2

[Event "*** Titled Tuesday Blitz"]
[Site "Chess.com"]
[Date "2020.02.04"]
[Round "4"]
[White "AvitalBor"]
[Black "korbul"]
[Result "0-1"]
[WhiteElo "2733"]
[BlackElo "2581"]
[TimeControl "180+2"]
[EndTime "9:52:06 PST"]
[Termination "korbul won by checkmate"]

1. Nf3 d5 2. g3 Nf6 3. Bg2 e6 4. O-O Be7 5. d4 O-O 6. b3 Nbd7 7. Bb2 a5 8. c4 c6 9. Nc3 b6 10. Qc2 Ba6 11. Rfd1 b5 12. Nd2 bxc4 13. bxc4 dxc4 14.
Nce4 Rb8 15. a3 Nd5 16. Rab1 f5 17. Nc3 Bf6 18. e4 Bxd4 19. exd5 cxd5 20. Nxc4 Bf6 21.
Nxd5 exd5 22. Bxd5+ Kh8 23. Nd6 Bxb2 24. Rxb2 Rxb2 25. Qxb2 Qe7 26. Ba2 h6 27. Qd2 Ne5 28. Qxa5 Nf3+ 29. Kg2 Be2 30. Rd5 Ng5 31. Rxf5 Qxd6 32.
Rxf8+ Qxf8 33. f4 Nh7 34. Qd5 Bh5 35. h3 Nf6 36. Qd3 Qe8 37. g4 Bf7 38. Bxf7 Qxf7 39. Kg3 Qd7 40. Qb3 Qd2 41. g5 Ne4+ 42. Kg4 Nf2+ 43.
Kf5 Qd7+ 44. Kg6 Qe8+ 45. Kf5 g6+ 46. Kf6 Ne4# 0-1

[Event "*** Titled Tuesday Blitz"]
[Site "Chess.com"]
[Date "2020.02.04"]
[Round "4"]
[White "masrahi"]
[Black "BvsN"]
[Result "1-0"]
[WhiteElo "2109"]
[BlackElo "2341"]
[TimeControl "180+2"]
[EndTime "9:52:09 PST"]
[Termination "masrahi won by resignation"]

1. e4 c5 2. Nf3 e6 3. d4 cxd4 4. Nxd4 a6 5. Bd3 g6 6. O-O Bg7 7. Nb3 Ne7 8. Nc3 O-O 9. Be3 d5 10. exd5 Nxd5 11. Nxd5 Qxd5 12. Rb1 Nc6 13. Qe2 b5 14.
Rfd1 Qe5 15. Qf3 Bb7 16. Bf4 Qf6 17. Nc5 Nd4 18. Qg3 Bd5 19. Nd7 Qe7 20. Nxf8 Qxf8 21.
Be5 Bxe5 22. Qxe5 Nc6 23. Qg3 Qh6 24. a4 Nd4 25. axb5 axb5 26. c3 Nc6 27. Bxb5 Ne7 28. c4 Nf5 29. Qh3 Qxh3 30. gxh3 Be4 31. Ra1 Rb8 32.
Ra7 Nh4 33. Rdd7 Nf3+ 34. Kf1 g5 35. Rxf7 Rd8 36. Rfd7 Rc8 37. Ke2 Ne5 38. Rg7+ Kh8 39. Rxg5 Nd3 40. Ke3 Nc5 41. Rxc5 Rxc5 42. Kxe4 Rc8 43.
Ke5 1-0

[Event "*** Titled Tuesday Blitz"]
[Site "Chess.com"]
[Date "2020.02.04"]
[Round "4"]
[White "DamianoLew95"]
[Black "Raspadsistema"]
[Result "1/2-1/2"]
[WhiteElo "2599"]
[BlackElo "2812"]
[TimeControl "180+2"]
[EndTime "9:52:13 PST"]
[Termination "Game drawn by repetition"]

1. d4 d6 2. e4 Nf6 3. Nc3 e5 4. Nf3 Nbd7 5. Bc4 Be7 6. O-O O-O 7. Re1 c6 8. a4 h6 9. Ba2 Re8 10. h3 a5 11. Be3 exd4 12. Bxd4 Nf8 13. e5 dxe5 14.
Bxe5 Qxd1 15. Raxd1 Bf5 16. Nd4 Bg6 17. Bb3 N8d7 18.
Bc7 Nc5 19. Rxe7 Rxe7 20. Bd6 Nxb3 21. Bxe7 Nxd4 22. Rxd4 Bxc2 23. Rd8+ Rxd8 24. Bxd8 Nd7 25. Bxa5 Nc5 26. Bb4 Nd3 27. Ba3 Bb3 28. g3 f5 29.
h4 Kf7 30. Kg2 Ne5 31. Bc5 Nc4 32. Kf3 Nxb2 33. a5 Nc4 34. Bb4 g5 35. hxg5 hxg5 36.
Ke2 Ke6 37. Kd3 Ne5+ 38. Kd4 Nd7 39. Nb1 g4 40. Nc3 Bd5 41. Ne2 Be4 42. Nf4+ Kf6 43. Bd6 Kf7 44. Kc4 Ke8 45. Kd4 Kd8 46. Ng6 Ke8 47.
Nf4 Nf6 48. Be5 Nd7 49. Bd6 1/2-1/2

[Event "*** Titled Tuesday Blitz"]
[Site "Chess.com"]
[Date "2020.02.04"]
[Round "4"]
[White "GianmarcoVaR"]
[Black "Bigfish1995"]
[Result "0-1"]
[WhiteElo "2634"]
[BlackElo "3054"]
[TimeControl "180+2"]
[EndTime "9:52:15 PST"]
[Termination "Bigfish1995 won by resignation"]

1. d4 Nf6 2. Nf3 e6 3. c4 d5 4. g3 Bb4+ 5. Bd2 Be7 6. Bg2 O-O 7. O-O c6 8. Qc2 Nbd7 9. Bf4 Ne4 10. Nfd2 f5 11. Nxe4 fxe4 12. Nc3 Bf6 13. Rad1 Qe7 14. f3 exf3 15. exf3 c5 16. cxd5 Bxd4+ 17. Kh1 e5 18. Bc1 Nb6 19. f4 Bf5 20. Be4 Bxe4+ 21. Qxe4 Rae8 22. f5 Qd7 23. Bg5 Nc4 24. Qe2 Nd6 25. g4 e4 26. Be3 Bxe3 27. Qxe3 b6 28. b3 Re5 29. Rd2 Qe7 30. Rdf2 Qh4 31. Rg1 h5 32. Rf4 Qg5 33. Qg3 e3 34. h4 Qe7 35. f6 Rxf6 36. Rxf6 Qxf6 37. g5 Qf5 38. Ne2 Qe4+ 39. Kh2 Rxd5 40. Rf1 Rd2 41. Kh3 Qe6+ 42. Kg2 Rxe2+ 0-1

[Event "*** Titled Tuesday Blitz"]
[Site "Chess.com"]
[Date "2020.02.04"]
[Round "4"]
[White "vinniethepooh"]
[Black "Rodchenkov_Vitalij"]
[Result "0-1"]
[WhiteElo "2780"]
[BlackElo "2599"]
[TimeControl "180+2"]
[EndTime "9:52:17 PST"]
[Termination "Rodchenkov_Vitalij won by resignation"]

1. d4 d5 2. c4 e6 3. Nc3 c6 4.
Nf3 f5 5. Bf4 Nf6 6. e3 Bd6 7.
Bxd6 Qxd6 8. c5 Qe7 9. Ne5 Nbd7 10. f4 O-O 11. Bd3 Nxe5 12. fxe5 Ne4 13. Bxe4 fxe4 14. Rf1 b6 15. Rxf8+ Qxf8 16. Qa4 Bb7 17. Qa3 bxc5 18. Qxc5 Qxc5 19. dxc5 Rf8 20. Ne2 Ba6 21. b4 Bc4 22.
a3 a5 23. bxa5 Bxe2 24. Kxe2 Ra8 25. a4 Rxa5 26. g4 Kf7 27. h4 Ke7 28. Kd2 Kd7 29. Rb1 Rxa4 30. Rb7+ Ke8 31. Rxg7 Ra2+ 32. Ke1 Rg2 33. g5 h6 34. Rg6 hxg5 35. Rxe6+ Kd7 36. Rd6+ Ke7 37. Rg6 Rg3 38. hxg5 Rxe3+ 39. Kf2 Rf3+ 40. Ke2 d4 41. Rf6 Rg3 42. g6 d3+ 43.
Kd2 Rg2+ 44. Kc3 Rc2+ 45. Kb3 Rg2 46. Kc3 Rc2+ 47. Kb3 e3 48. g7 Rg2 49. Rf3 e2 50. Re3 d2 51. Rxe2 d1=Q+ 0-1

[Event "*** Titled Tuesday Blitz"]
[Site "Chess.com"]
[Date "2020.02.04"]
[Round "4"]
[White "albi1999"]
[Black "SantoBlue"]
[Result "0-1"]
[WhiteElo "2512"]
[BlackElo "2842"]
[TimeControl "180+2"]
[EndTime "9:52:21 PST"]
[Termination "SantoBlue won by resignation"]

1. d4 Nf6 2. c4 e6 3. Nf3 d5 4. g3 Be7 5. Bg2 O-O 6. Nc3 dxc4 7. Ne5 c5 8. dxc5 Qc7 9. Nxc4 Qxc5 10. b3 Rd8 11. Ba3 Rxd1+ 12. Rxd1 Qh5 13. Bxe7 Nfd7 14. O-O Nc6 15. Ba3 h6 16. Bf3 Qh3 17. Nb5 Nde5 18. Nxe5 Nxe5 19. Rd8+ Kh7 20. Nc7 Nxf3+ 21. exf3 b6 22.
Nxa8 Bb7 23. Rd3 Bxa8 24. Re3 g5 25. Rc1 g4 26. Rc7 Kg6 27. Rcc3 gxf3 28. Rxf3 f5 29. Bd6 Bb7 30. Be5 a5 31. a3 Qg4 32. Kg2 Bxf3+ 33.
Rxf3 Qe4 34. Bc7 b5 35. Bxa5 h5 36. h4 e5 37. Bd2 Kf7 38. b4 Ke6 39. Bg5 Qa8 40.
Bc1 Qc6 41. Bg5 f4 42. gxf4 Kf5 43. Kg3 e4 44. Re3 Qc1 45. Kg2 Qd1 46. Rg3 Qd5 47. Re3 Qd1 48. Kh2 Qf1 49. Kg3 Qg1+ 50. Kh3 Qxf2 51. Rg3 e3 0-1

[Event "*** Titled Tuesday Blitz"]
[Site "Chess.com"]
[Date "2020.02.04"]
[Round "4"]
[White "rasmussvane"]
[Black "AleksanderHnydiuk"]
[Result "1-0"]
[WhiteElo "2840"]
[BlackElo "2541"]
[TimeControl "180+2"]
[EndTime "9:52:24 PST"]
[Termination "rasmussvane won by resignation"]

1. Nf3 c5 2. e3 Nf6 3. d4 g6 4.
dxc5 Qa5+ 5. Nbd2 Qxc5 6. a3 Bg7 7. b4 Qc7 8. Bb2 O-O 9. c4 b6 10. Be2 Bb7 11. O-O d6 12. Qb3 Nbd7 13. Rac1 Rac8 14.
Rfd1 Qb8 15. Nb1 Qa8 16. Nc3 Rfe8 17. h3 Ne4 18. Nd5 Bxb2 19. Qxb2 Nef6 20. Nc3 Ne4 21. Nb5 a6 22. Nbd4 Rc7 23. Rc2 Rec8 24. Rdc1 Nef6 25.
Nb3 Be4 26. Rc3 Bb7 27. Nbd2 Ne4 28. Nxe4 Bxe4 29. Qd2 Nf6 30. Ne1 Bb7 31. Qd4 Ne4 32.
R3c2 Qa7 33. Nd3 e5 34. Qb2 Ba8 35. Bf3 f5 36. Ne1 g5 37. Qb3 Kh8 38. Qd3 Rd8 39. Qd1 Rg7 40. c5 bxc5 41. bxc5 d5 42. c6 Qc7 43.
Nd3 Rg6 44. Nb4 Rgd6 45. Nxa6 Qa5 46. Nb4 Qxa3 47. Nd3 Re8 48. c7 Rc8 49. Nxe5 Rb6 50.
Qd4 Kg8 51. Qxb6 1-0

[Event "*** Titled Tuesday Blitz"]
[Site "Chess.com"]
[Date "2020.02.04"]
[Round "4"]
[White "Ginzburg_Yakov"]
[Black "Everyfishknows"]
[Result "1-0"]
[WhiteElo "2527"]
[BlackElo "2322"]
[TimeControl "180+2"]
[EndTime "9:52:24 PST"]
[Termination "Ginzburg_Yakov won by resignation"]

1. d4 Nf6 2. c4 e6 3. g3 Bb4+ 4. Bd2 Qe7 5. Bg2 Nc6 6. Nf3 Bxd2+ 7. Nbxd2 d6 8. O-O O-O 9. Rc1 e5 10. d5 Nb8 11. e4 a5 12. Ne1 Na6 13. a3 Bg4 14. f3 Bd7 15. b3 c6 16. Nd3 cxd5 17.
cxd5 Rfc8 18. Nc4 Bb5 19. Bh3 Nd7 20. Bxd7 Bxd7 21. Nb6 Rxc1 22. Qxc1 Rb8 23. Qc3 Bb5 24. Rc1 Bxd3 25. Qxd3 Nc5 26. Qe3 Qd8 27. Nc4 b5 28.
Nxe5 Nxb3 29. Nc6 Qb6 30. Qxb6 Rxb6 31. Rc3 Nc5 32. Nxa5 Ra6 33. Nb7 Nd7 34. Rc8+ Nf8 35. f4 g6 36. e5 dxe5 37. fxe5 Kg7 38. d6 Rxa3 39. Nc5 Re3 40. d7 Nxd7 41. Nxd7 b4 42. Rb8 b3 43. Kf2 Rd3 44. Nf6 Rd2+ 45. Kf3 Rxh2 46.
Rxb3 Rc2 47. g4 h6 48. Rb8 h5 49.
g5 Rc3+ 50. Ke2 1-0

[Event "*** Titled Tuesday Blitz"]
[Site "Chess.com"]
[Date "2020.02.04"]
[Round "4"]
[White "MFBerna"]
[Black "earling8018"]
[Result "1-0"]
[WhiteElo "2336"]
[BlackElo "2053"]
[TimeControl "180+2"]
[EndTime "9:52:28 PST"]
[Termination "MFBerna won by resignation"]

1. d4 d5 2. c4 e6 3. Nf3 Nf6 4. Nc3 Be7 5. cxd5 exd5 6. Bf4 O-O 7. e3 b6 8. Bd3 c5 9. O-O Bb7 10. Rc1 Nc6 11. dxc5 bxc5 12. Bb1 Rc8 13. Na4 Qa5 14. a3 Rfd8 15. Nxc5 Bxc5 16. b4 Bxb4 17. axb4 Qxb4 18.
Bg5 Qd6 19. Qd3 h6 20. Bh4 Ne5 21. Qf5 Nxf3+ 22. gxf3 Qe6 23. Rxc8 Rxc8 24. Qf4 Nh5 25. Qd4 Qh3 26. Bg3 Nxg3 27. hxg3 a6 28. Qd3 Qe6 29. Qh7+ Kf8 30. Qh8+ Ke7 31. Qxg7 Qf6 32. Qg4 Rd8 33. Qb4+ Ke8 34. Qxb7 Rd7 35. Qc8+ Rd8 36. Qc7 Qxf3 37. Qf4 Qe2 38. Qe5+ Kf8 39. Qh8+ Ke7 40. Qxh6 Qf3 41. Qg5+ Ke8 42. Bc2 a5 43. Ba4+ Kf8 44. Qxd8+ Kg7 45. Qg5+ Kf8 46. Qf4 Qe2 47. Qd6+ 1-0

[Event "*** Titled Tuesday Blitz"]
[Site "Chess.com"]
[Date "2020.02.04"]
[Round "4"]
[White "GadimbayliA"]
[Black "Zq1"]
[Result "1-0"]
[WhiteElo "2934"]
[BlackElo "2542"]
[TimeControl "180+2"]
[EndTime "9:52:29 PST"]
[Termination "GadimbayliA won by resignation"]

1. e4 c5 2. Nf3 d6 3. Bb5+ Bd7 4. c4 Nc6 5. O-O g6 6. d4 cxd4 7. Nxd4 Bg7 8. Be3 Nf6 9. f3 O-O 10. Nc3 Rc8 11. Rc1 Nxd4 12. Bxd4 Bxb5 13. Nxb5 a6 14. Na3 Qa5 15. Qb3 Qc7 16. Rfd1 Rfe8 17. Kh1 Qc6 18. Rc3 Nd7 19. Bxg7 Kxg7 20. Nc2 Qb6 21. Qxb6 Nxb6 22. Ne3 Na4 23. Rb3 Nc5 24. Ra3 b5 25. b3 Rc6 26. h3 Rb8 27. cxb5 axb5 28.
Nd5 Rb7 29. Rc1 e6 30. Nb4 Rcc7 31. Ra8 Ra7 32. Rxa7 Rxa7 33. e5 Na6 34. Nc6 Rd7 35. Rd1 d5 36. Nd4 b4 37. Rc1 Rc7 38. Rxc7 Nxc7 39. Nc2 Na6 40. Kg1 g5 41. Kf2 f6 42.
exf6+ Kxf6 43. Ke3 e5 44. g3 h5 45. f4 gxf4+ 46.
gxf4 Kf5 47. fxe5 Kxe5 48. Nd4 Kd6 49. Kf4 Nc5 50. Nc2 Nd3+ 51. Ke3 Nc1 52. Nxb4 Kc5 53. Nd3+ 1-0

[Event "*** Titled Tuesday Blitz"]
[Site "Chess.com"]
[Date "2020.02.04"]
[Round "4"]
[White "GelmanAlexander"]
[Black "VincentKeymer"]
[Result "0-1"]
[WhiteElo "2457"]
[BlackElo "2700"]
[TimeControl "180+2"]
[EndTime "9:52:35 PST"]
[Termination "VincentKeymer won on time"]

1. d4 e6 2. Nc3 d5 3. Bf4 Nf6 4. Nb5 Na6 5. e3 c6 6. Nc3 Nc7 7. Nf3 b5 8. Ne5 Bb7 9. Qf3 Bd6 10. Bd3 a6 11. g4 Qe7 12. g5 Nd7 13. a3 Bxe5 14. dxe5 c5 15. Rg1 O-O-O 16. O-O-O c4 17. Be2 b4 18. axb4 Qxb4 19. Rd4 Nb6 20. Qh5 g6 21. Qh6 Na4 22. Nxa4 Qxa4 23. Kd2 Qb4+ 24. Kc1 Qa5 25. Rgd1 Nb5 26. c3 Nxd4 27. exd4 Bc6 28. Qg7 Qa1+ 29. Kd2 Qxb2+ 30. Ke1 Qxc3+ 31. Bd2 Qb2 32. Qxf7 c3 33. Qxe6+ Kb7 34. Bxa6+ Kc7 35. Be3 c2 36. Rc1 Rhe8 37. Qf7+ Kb6 38. Bd3 Rf8 39. Qe7 Qc3+ 40. Ke2 Bb5 41. Bxb5 Kxb5 42. Qb7+ Ka4 43. Qa6+ Kb3 44. Qb5+ Qb4 45. Qd3+ Qc3 46. Qb5+ Ka3 47. Qa6+ Kb2 48. Qb5+ Qb3 49. Qa6 Qc4+ 50. Qxc4 dxc4 51. f4 Rf7 0-1

[Event "*** Titled Tuesday Blitz"]
[Site "Chess.com"]
[Date "2020.02.04"]
[Round "4"]
[White "vladimirdamjanovic"]
[Black "Msb2"]
[Result "0-1"]
[WhiteElo "2617"]
[BlackElo "2858"]
[TimeControl "180+2"]
[EndTime "9:52:39 PST"]
[Termination "Msb2 won by checkmate"]

1. d4 Nf6 2. c4 e6 3. Nf3 d5 4.
Nc3 Bb4 5. Bg5 dxc4 6. e3 b5 7. a4 c6 8. Nd2 Bb7 9. axb5 Bxc3 10. bxc3 cxb5 11. Qb1 Qd7 12. Bxf6 gxf6 13. Ne4 Bxe4 14.
Qxe4 Qd5 15. Qf4 Nd7 16. Be2 Qg5 17. Qxg5 fxg5 18. Bf3 Ke7 19. Bxa8 Rxa8 20. Ra5 a6 21. Kd2 Nf6 22. Kc2 Nd5 23. Rha1 Nc7 24. e4 Kd6 25. f3 Kc6 26. h4 gxh4 27. Rh1 Rg8 28. Rh2 h3 29. g4 f5 30. gxf5 exf5 31. Ra1 Rg3 32. Rf1 Kd6 33. exf5 Nd5 34. Kd2 a5 35. f6 b4 36. f7 Ke7 37. cxb4 axb4 38. Rfh1 Kxf7 39. Rxh3 Rg2+ 40. Kc1 b3 41. Rxh7+ Ke6 42. R7h6+ Nf6 43. R6h2 Rg3 44. Rf2 Nd5 45. Kb2 Rg8 46. Re1+ Kd6 47. Rfe2 Ra8 48. Re6+ Kd7 49. R6e5 Ra2+ 50. Kc1 Rc2+ 51.
Kb1 Nc3+ 52. Ka1 Ra2# 0-1

[Event "*** Titled Tuesday Blitz"]
[Site "Chess.com"]
[Date "2020.02.04"]
[Round "4"]
[White "eCztery"]
[Black "Mikhail_Golubev"]
[Result "0-1"]
[WhiteElo "2368"]
[BlackElo "2547"]
[TimeControl "180+2"]
[EndTime "9:52:45 PST"]
[Termination "Mikhail_Golubev won on time"]

1. d4 Nf6 2. Nc3 g6 3. e4 d6 4. h4 Bg7 5. Be2 h5 6. Bg5 c6 7. Qd2 b5 8. f3 b4 9. Nd1 Qb6 10. Ne3 Nfd7 11. O-O-O a5 12. Nc4 Qc7 13. Nh3 c5 14. e5 d5 15. Ne3 e6 16. dxc5 Qxe5 17.
c3 bxc3 18. Qxc3 d4 19. Qc2 dxe3 20. c6 Nxc6 21. f4 Qc5 22. Qxc5 Nxc5 23. Bb5 Bd7 24. Rd6 Rc8 25. Rhd1 O-O 26. Kb1 e2 27. Bxe2 f6 28. Rc1 Ne7 29. Rxc5 Rxc5 30. Rxd7 Kf7 31. f5 fxg5 32.
Nxg5+ Ke8 33. fxe6 Rf2 34. Rd2 Rxg2 35. Bb5+ Rxb5 36.
Rxg2 Nf5 37. Ne4 Ke7 38. Rxg6 Rxb2+ 39. Kc1 Bd4 40. Ng5 Ne3 41. Nf3 Rc2+ 42. Kb1 Rc4 43. Rh6 Bc5 44. Rxh5 Ba3 45. Rh7+ Kxe6 46. Ng5+ Kd6 47.
Rh6+ Kd5 0-1